[Event "Titled Tuesday Blitz May 25 2021"]
[White "Aravindh, Chithambaram VR."]
[Black "elcandado"]
[WhiteFideId "5072786"]
[WhiteElo "2600"]
[BlackElo "2640"]
[Result "1-0"]
[Round "03"]
[TimeControl "180+1"]
[Date "2021.05.25"]
[WhiteClock "0:00:35"]
[BlackClock "0:00:16"]

1. Nf3 Nf6 2. b3 d5 3. Bb2 Bf5 4. e3 e6 5. d4 h6 6. Bd3 Bd6 7. O-O Nbd7 8. c4 Bxd3 9. Qxd3 Ne4 10. Nc3 Nxc3 11. Bxc3 c6 12. e4 dxe4 13. Qxe4 O-O 14. Rad1 Be7 15. Rfe1 Bf6 16. Ne5 Qc7 17. f4 Rad8 18. Rd3 Rfe8 19. Red1 Nf8 20. Be1 Bxe5 21. dxe5 Ng6 22. Rd6 c5 23. Bf2 b6 24. g3 Rxd6 25. exd6 Qd7 26. a3 Rc8 27. b4 Rc6 28. Qxc6 Qxc6 29. d7 1-0


[Site "https://www.chess.com"]

[Event "Titled Tuesday Blitz May 25 2021"]
[White "Asis Gargatagli, Hipolito"]
[Black "elohunter1999"]
[WhiteFideId "2260735"]
[WhiteElo "2557"]
[BlackElo "2554"]
[Result "1/2-1/2"]
[Round "03"]
[TimeControl "180+1"]
[Date "2021.05.25"]
[WhiteClock "0:00:06"]
[BlackClock "0:00:06"]

1. e4 c5 2. Nf3 Nc6 3. Bb5 d6 4. O-O Bd7 5. Re1 Nf6 6. h3 e6 7. c3 Ne5 8. Bf1 Nxf3+ 9. Qxf3 Bc6 10. d4 Be7 11. dxc5 dxc5 12. Nd2 O-O 13. Qg3 Nh5 14. Qe3 Bg5 15. Qxc5 Bxd2 16. Rd1 Nf6 17. Rxd2 Nxe4 18. Rxd8 Nxc5 19. Rxf8+ Kxf8 20. Be3 Na4 21. Rb1 Be4 22. Re1 Bc6 23. Bc1 Rd8 24. c4 Nc5 25. Be3 b6 26. b4 Nd3 27. Rd1 Be4 28. f3 Bg6 29. c5 bxc5 30. Bxc5+ Ke8 31. Bxa7 Ra8 32. Bxd3 Rxa7 33. Bxg6 hxg6 34. Rd2 Ra4 35. Rb2 Kd7 36. Kf2 Kc6 37. b5+ Kb6 38. Ke3 e5 39. Kd3 f5 40. Kc3 e4 41. fxe4 Rxe4 42. Kd3 g5 43. g4 Rf4 44. gxf5 Rxf5 45. Ke4 Rf4+ 46. Ke5 Rh4 47. Rb3 Ra4 48. a3 g4 49. h4 g3 50. Rxg3 Rxh4 51. Rb3 Rh5+ 52. Ke6 Rxb5 53. Rc3 g5 54. Kf6 Ka5 55. Rg3 Ka4 56. Rxg5 Rxg5 57. Kxg5 Kxa3 1/2-1/2


[Site "https://www.chess.com"]

[Event "Titled Tuesday Blitz May 25 2021"]
[White "Babiy, Olga"]
[Black "Annaberdiyev, Babageldi"]
[WhiteFideId "14117258"]
[BlackFideId "14000385"]
[WhiteElo "2213"]
[BlackElo "2332"]
[Result "0-1"]
[Round "03"]
[TimeControl "180+1"]
[Date "2021.05.25"]
[WhiteClock "0:00:01"]
[BlackClock "0:00:37"]

1. d4 Nf6 2. Nf3 g6 3. Nbd2 Bg7 4. e4 d5 5. exd5 Nxd5 6. c4 Nb6 7. Nb3 O-O 8. Be3 Nc6 9. Be2 e5 10. d5 Ne7 11. Qd2 c6 12. d6 Nf5 13. c5 Nd5 14. Bg5 f6 15. Be3 Nfxe3 16. fxe3 Bh6 17. Bc4 Be6 18. Bxd5 Bxd5 19. O-O b6 20. Qc3 bxc5 21. Qxc5 Rf7 22. Rfe1 Rd7 23. e4 Be6 24. Rad1 Bf8 25. Qxc6 Rc8 26. Qa6 Rxd6 27. Rxd6 Qxd6 28. Qxa7 Rc2 29. Kh1 Bf7 30. h3 Bh6 31. Qa8+ Kg7 32. Qa7 Bf4 33. Rf1 Qd3 34. Re1 Bg3 35. Rg1 Qxf3 36. Na1 Rf2 37. h4 Qg4 0-1


[Site "https://www.chess.com"]

[Event "Titled Tuesday Blitz May 25 2021"]
[White "Benkovic, Petar"]
[Black "Rozen, Eytan"]
[WhiteFideId "922641"]
[BlackFideId "2816750"]
[WhiteElo "2416"]
[BlackElo "1963"]
[Result "1-0"]
[Round "03"]
[TimeControl "180+1"]
[Date "2021.05.25"]
[WhiteClock "0:00:10"]
[BlackClock "0:00:08"]

1. Nf3 Nf6 2. c4 b6 3. g3 Bb7 4. Bg2 g6 5. b3 Bg7 6. Bb2 O-O 7. O-O d6 8. d4 Nbd7 9. Nc3 Ne4 10. Rc1 Nxc3 11. Bxc3 Be4 12. d5 e6 13. Bxg7 Kxg7 14. dxe6 fxe6 15. Nd4 Bf5 16. e4 c5 17. exf5 cxd4 18. Bxa8 Qxa8 19. Qxd4+ Kg8 20. Qxd6 Nc5 21. b4 Ne4 22. Qxe6+ Kg7 23. Qe5+ Rf6 24. fxg6 Nd2 25. Qe7+ Kxg6 26. f4 Nf3+ 27. Rxf3 Qxf3 28. Rf1 Qd3 29. Qe8+ Kh6 30. Qe5 Rf5 31. Qe6+ Kh5 32. Re1 a5 33. Qe2+ Qxe2 34. Rxe2 Kg4 35. Kg2 Rf6 36. Re5 1-0


[Site "https://www.chess.com"]

[Event "Titled Tuesday Blitz May 25 2021"]
[White "Blomqvist, Erik"]
[Black "Samsonkin, Artiom"]
[WhiteFideId "1709437"]
[BlackFideId "13503111"]
[WhiteElo "2460"]
[BlackElo "2513"]
[Result "0-1"]
[Round "03"]
[TimeControl "180+1"]
[Date "2021.05.25"]
[WhiteClock "0:00:01"]
[BlackClock "0:00:10"]

1. e4 c5 2. Nf3 d6 3. d4 cxd4 4. Qxd4 Nf6 5. Be2 Nc6 6. Qe3 g6 7. O-O Bg7 8. h3 Qb6 9. Qxb6 axb6 10. Nc3 O-O 11. Be3 Nd7 12. Rfb1 Nb4 13. Ne1 Nc5 14. a3 Nc6 15. Nd5 Nxe4 16. Nxb6 Rb8 17. Nxc8 Rfxc8 18. Nd3 Na5 19. Nb4 Nc4 20. Bxc4 Rxc4 21. c3 e6 22. a4 d5 23. Nc2 Rbc8 24. a5 f5 25. a6 bxa6 26. Rxa6 f4 27. Bd4 e5 28. Ba7 Ra8 29. Rba1 d4 30. Na3 Rc7 31. Nb5 Rb7 32. c4 Nd2 33. Bxd4 Rxa6 34. Rxa6 exd4 35. Ra8+ Bf8 36. Nxd4 Nxc4 37. Ne6 Rf7 0-1


[Site "https://www.chess.com"]

[Event "Titled Tuesday Blitz May 25 2021"]
[White "Bonte, Andrei-Mihai"]
[Black "Wong, Yinn Long"]
[WhiteFideId "1210297"]
[BlackFideId "5707684"]
[WhiteElo "2200"]
[BlackElo "2016"]
[Result "0-1"]
[Round "03"]
[TimeControl "180+1"]
[Date "2021.05.25"]
[WhiteClock "0:00:04"]
[BlackClock "0:00:41"]

1. d4 Nf6 2. c4 e6 3. Nc3 Bb4 4. e3 c5 5. Ne2 cxd4 6. exd4 d5 7. a3 Be7 8. cxd5 Nxd5 9. Nxd5 Qxd5 10. Nc3 Qd8 11. Bc4 Nc6 12. d5 exd5 13. Nxd5 O-O 14. O-O Bd6 15. Bf4 Bxf4 16. Nxf4 Qf6 17. Qd2 Bf5 18. Nd5 Qd6 19. Qf4 Qg6 20. Ne3 Be6 21. Bb5 Ne7 22. Qc7 Nd5 23. Nxd5 Bxd5 24. Qg3 Qf6 25. Rad1 Be6 26. Rd2 Rac8 27. Rfd1 a6 28. Be2 Rfe8 29. h3 Bf5 30. Bg4 h6 31. Rd6 Be6 32. Bxe6 Rxe6 33. Rxe6 Qxe6 34. Kh2 Qe2 0-1


[Site "https://www.chess.com"]

[Event "Titled Tuesday Blitz May 25 2021"]
[White "Borsuk, Konstantin"]
[Black "Von Buelow, Georg"]
[WhiteFideId "14113406"]
[BlackFideId "4620658"]
[WhiteElo "2363"]
[BlackElo "2223"]
[Result "0-1"]
[Round "03"]
[TimeControl "180+1"]
[Date "2021.05.25"]
[WhiteClock "0:00:03"]
[BlackClock "0:00:13"]

1. d4 Nf6 2. c4 Nc6 3. Nf3 e6 4. a3 d6 5. g3 g6 6. Bg2 Bg7 7. Nc3 O-O 8. e4 Re8 9. O-O e5 10. d5 Nd4 11. h3 c5 12. dxc6 bxc6 13. Bg5 c5 14. Nxd4 cxd4 15. Nd5 Be6 16. Qd2 Bxd5 17. cxd5 Qb6 18. Rfc1 Rec8 19. b4 h5 20. Qd3 Nd7 21. Bf1 a5 22. Qb5 Qxb5 23. Bxb5 Nf6 24. Bc6 Nxe4 25. Bxa8 Rxa8 26. Be7 Ra7 27. Rc8+ Kh7 28. f3 Nxg3 29. Bxd6 axb4 30. Bxb4 Ne2+ 31. Kf2 Nf4 32. d6 Nd3+ 33. Ke2 Nxb4 34. d7 d3+ 35. Kd1 Rxd7 36. axb4 e4 37. Ra2 e3 38. b5 Rb7 39. Rc5 Bd4 40. Rd5 e2+ 41. Kd2 Bc3+ 42. Kxc3 e1=Q+ 43. Kxd3 Qb4 0-1


[Site "https://www.chess.com"]

[Event "Titled Tuesday Blitz May 25 2021"]
[White "Chernomordik, Pavel"]
[Black "Stearman, Josiah"]
[WhiteFideId "2804530"]
[BlackFideId "2062496"]
[WhiteElo "2299"]
[BlackElo "2384"]
[Result "1-0"]
[Round "03"]
[TimeControl "180+1"]
[Date "2021.05.25"]
[WhiteClock "0:00:25"]
[BlackClock "0:00:03"]

1. e4 c5 2. Nc3 Nc6 3. Bb5 Nd4 4. Bc4 e6 5. Nge2 a6 6. a4 Be7 7. d3 Nf6 8. e5 Ng8 9. Nxd4 cxd4 10. Ne4 b6 11. Qg4 Kf8 12. O-O Bb7 13. Nd6 Bxd6 14. exd6 Nf6 15. Qxd4 h6 16. Be3 Ne8 17. Qxb6 Qxb6 18. Bxb6 Nxd6 19. Bc5 Ke7 20. b4 Rhc8 21. a5 Rc6 22. Bb3 Ke8 23. Ba4 Nb5 24. c4 Rxc5 25. bxc5 Nd4 26. Rab1 Ra7 27. Rfe1 Kd8 28. f3 Kc7 29. Kf2 f6 30. Rb6 e5 31. Reb1 Ne6 32. Bxd7 Nxc5 33. Bf5 Ra8 34. Ke3 Rd8 35. Rd1 Rd4 36. Rbb1 Bc6 37. Be4 Ba4 38. Rd2 Bd7 39. g4 h5 40. h3 hxg4 41. hxg4 Be6 42. Rh1 Nb3 43. Rb2 Nxa5 44. Ra1 Nc6 45. Bxc6 Bd7 46. Bxd7 1-0


[Site "https://www.chess.com"]

[Event "Titled Tuesday Blitz May 25 2021"]
[White "Dang, Hoang Son"]
[Black "Salem, A.R. Saleh"]
[WhiteFideId "12402435"]
[BlackFideId "9301348"]
[WhiteElo "2248"]
[BlackElo "2659"]
[Result "1/2-1/2"]
[Round "03"]
[TimeControl "180+1"]
[Date "2021.05.25"]
[WhiteClock "0:00:06"]
[BlackClock "0:00:03"]

1. d4 d5 2. c4 e6 3. Nf3 Nf6 4. g3 Bb4+ 5. Bd2 Be7 6. Bg2 O-O 7. O-O c6 8. Qc2 Ne4 9. Rd1 Nxd2 10. Nbxd2 f5 11. Ne5 Nd7 12. Nxd7 Bxd7 13. Rab1 a5 14. Nf3 Bd6 15. Ne5 Bxe5 16. dxe5 f4 17. Qb3 Qc7 18. cxd5 cxd5 19. Bxd5 Qxe5 20. Bxb7 Rad8 21. Bf3 h5 22. Qb7 Rf7 23. Rd2 fxg3 24. hxg3 h4 25. Rbd1 Be8 26. Qxf7+ Kxf7 27. Rxd8 hxg3 28. R1d4 gxf2+ 29. Kxf2 Ke7 30. Rd3 Qxb2 31. a3 Qb6+ 32. Kg3 Qxd8 33. Rxd8 Kxd8 34. Kf4 Ke7 35. Ke5 g5 36. Bg4 Bf7 37. e3 Bg8 38. Bh3 Bf7 39. Bg4 Bg8 40. Bh3 Kd7 41. Kf6 Kd6 42. Kxg5 Ke5 43. Bg2 Bh7 44. Bc6 Be4 45. Bd7 Bd5 46. Kg6 Ke4 47. Kf6 e5 48. Bf5+ Kxe3 49. Kxe5 Bb3 50. Bd7 Kd3 51. Bb5+ Kc3 52. Kd6 Bc4 53. Kc5 Bb3 54. Kb6 Kb2 55. a4 Bxa4 56. Bxa4 Ka3 57. Kxa5 1/2-1/2


[Site "https://www.chess.com"]

[Event "Titled Tuesday Blitz May 25 2021"]
[White "Davtyan, David Arm."]
[Black "Urazayev, Arystanbek"]
[WhiteFideId "13310046"]
[BlackFideId "13709810"]
[WhiteElo "2028"]
[BlackElo "2321"]
[Result "0-1"]
[Round "03"]
[TimeControl "180+1"]
[Date "2021.05.25"]
[WhiteClock "0:00:02"]
[BlackClock "0:01:25"]

1. Nf3 c5 2. g3 b6 3. Bg2 Bb7 4. O-O Nf6 5. c4 e6 6. Nc3 Be7 7. d4 cxd4 8. Qxd4 Nc6 9. Qd3 O-O 10. b3 d5 11. cxd5 Nb4 12. Qd1 Nbxd5 13. Bb2 Nxc3 14. Bxc3 Rc8 15. Bd4 Nd5 16. Ne5 Bf6 17. e3 Nc3 18. Bxc3 Bxg2 19. Kxg2 Rxc3 20. Ng4 Be7 21. Qxd8 Rxd8 22. Rad1 Rxd1 23. Rxd1 f6 24. e4 Rc2 25. Rd7 Bc5 26. Rd8+ Kf7 27. Rd7+ Kf8 28. e5 h5 29. Nxf6 gxf6 30. exf6 Rxf2+ 31. Kh3 Rxa2 32. Kh4 Rxh2+ 33. Kg5 Rg2 34. Rd8+ Kf7 35. Rd7+ Ke8 36. Rxa7 Rxg3+ 37. Kxh5 Rxb3 38. Kg6 Rg3+ 39. Kh5 e5 40. Ra2 Kf7 41. Re2 Kxf6 42. Re4 Kf5 43. Ra4 e4 44. Kh4 Rf3 0-1


[Site "https://www.chess.com"]

[Event "Titled Tuesday Blitz May 25 2021"]
[White "Degtiarev, Evgeny"]
[Black "Csonka, Balazs"]
[WhiteFideId "4149610"]
[BlackFideId "742910"]
[WhiteElo "2218"]
[BlackElo "2404"]
[Result "0-1"]
[Round "03"]
[TimeControl "180+1"]
[Date "2021.05.25"]
[WhiteClock "0:00:07"]
[BlackClock "0:00:22"]

1. d4 Nf6 2. c4 e6 3. Nc3 Bb4 4. e3 O-O 5. Ne2 d5 6. cxd5 exd5 7. g3 c6 8. Bg2 Re8 9. O-O a5 10. a3 Bd6 11. Bd2 Bf5 12. Rc1 Nbd7 13. Nf4 Bxf4 14. exf4 Qb6 15. Na4 Qxd4 16. Be3 Qxd1 17. Rfxd1 h5 18. Nb6 Nxb6 19. Bxb6 a4 20. Rd4 Nd7 21. Bc7 Rac8 22. Bd6 Re6 23. Bc5 Nxc5 24. Rxc5 Re1+ 0-1


[Site "https://www.chess.com"]

[Event "Titled Tuesday Blitz May 25 2021"]
[White "Demidov, Mikhail"]
[Black "Spitzl, Vinzent"]
[WhiteFideId "4197143"]
[BlackFideId "12901253"]
[WhiteElo "2583"]
[BlackElo "2192"]
[Result "1-0"]
[Round "03"]
[TimeControl "180+1"]
[Date "2021.05.25"]
[WhiteClock "0:01:06"]
[BlackClock "0:00:02"]

1. e4 c6 2. d4 d5 3. Nc3 dxe4 4. Nxe4 Nf6 5. Nxf6+ exf6 6. Bc4 Bd6 7. Qe2+ Qe7 8. c3 Be6 9. Bxe6 Qxe6 10. Nf3 Nd7 11. Be3 Nb6 12. O-O O-O 13. Rfe1 Rfe8 14. Qd3 Qc4 15. Qc2 Nd5 16. a3 Nxe3 17. Rxe3 Rxe3 18. fxe3 Re8 19. Re1 a5 20. Qe2 Qxe2 21. Rxe2 f5 22. Kf2 g6 23. g3 Kg7 24. Ke1 b5 25. Kd2 Kf6 26. Kd3 h5 27. Re1 g5 28. Rc1 h4 29. Rg1 hxg3 30. hxg3 g4 31. Nd2 Rh8 32. e4 fxe4+ 33. Nxe4+ Ke6 34. Nxd6 Kxd6 35. Ke4 Rh2 36. Rf1 Rxb2 37. Rf6+ Kc7 38. Rxf7+ Kb6 39. Rf6 Rb3 40. Kd3 b4 41. axb4 axb4 42. Kc4 Rxc3+ 43. Kxb4 Rxg3 44. d5 Rg1 45. Rxc6+ Kb7 46. Rg6 g3 47. Kc5 Kc7 48. Rg7+ Kc8 49. Kc6 Kb8 50. Rg8+ Ka7 51. d6 g2 52. Kd7 Kb7 53. Rg3 Ka7 54. Ra3+ Kb7 55. Ra2 Kb6 56. Rd2 Kb7 57. Kd8 Kc6 58. d7 Kb7 59. Rb2+ Ka7 60. Re2 Kb7 61. Ke8 Re1 62. Rxe1 1-0


[Site "https://www.chess.com"]

[Event "Titled Tuesday Blitz May 25 2021"]
[White "Devaev, Alexander"]
[Black "Khusnutdinov, Rustam"]
[WhiteFideId "4169395"]
[BlackFideId "13701703"]
[WhiteElo "2185"]
[BlackElo "2571"]
[Result "0-1"]
[Round "03"]
[TimeControl "180+1"]
[Date "2021.05.25"]
[WhiteClock "0:00:51"]
[BlackClock "0:01:47"]

1. d4 Nf6 2. c4 c5 3. d5 g6 4. Nc3 Bg7 5. e4 d6 6. Nf3 O-O 7. h3 e6 8. Bd3 exd5 9. cxd5 a6 10. a4 Nbd7 11. O-O Nh5 12. Re1 Re8 13. Bg5 Bf6 14. Bh6 Ne5 15. Be2 Ng7 16. Nxe5 Bxe5 17. Qd2 f5 18. Bxg7 Kxg7 19. exf5 Bxf5 20. Bg4 Qf6 21. Bxf5 gxf5 22. a5 Kh8 23. f4 Qh6 24. g3 Rg8 25. Kh2 Rxg3 26. Rxe5 Qxh3# 0-1


[Site "https://www.chess.com"]

[Event "Titled Tuesday Blitz May 25 2021"]
[White "Diaz Camallonga, Carles"]
[Black "Najdin, Danil"]
[WhiteFideId "22235256"]
[BlackFideId "4172426"]
[WhiteElo "2438"]
[BlackElo "2193"]
[Result "1-0"]
[Round "03"]
[TimeControl "180+1"]
[Date "2021.05.25"]
[WhiteClock "0:00:16"]
[BlackClock "0:00:01"]

1. e4 e5 2. Nf3 Nc6 3. Bb5 a6 4. Ba4 Nf6 5. d3 b5 6. Bb3 Bc5 7. Nc3 d6 8. Nd5 Nxd5 9. Bxd5 Bd7 10. O-O Rb8 11. c3 O-O 12. Be3 Bxe3 13. fxe3 Ne7 14. Bb3 Kh8 15. Ng5 Nf5 16. Qh5 Nh6 17. Nxf7+ Nxf7 18. Bxf7 Qe7 19. Bg6 h6 20. Bf5 Be8 21. Qg4 c5 22. Be6 Bc6 23. Bd5 Bd7 24. Qg6 b4 25. cxb4 cxb4 26. Bc4 a5 27. h3 a4 28. Kh2 a3 29. bxa3 bxa3 30. Rab1 Rb2 31. Kg1 Rf6 32. Rxf6 Qxf6 33. Qxf6 gxf6 34. Rf1 Kg7 35. Rf3 Bb5 36. Rg3+ Kh7 37. Bg8+ Kh8 38. d4 Bd3 39. Bd5 Bb1 40. dxe5 dxe5 41. Rg8+ Kh7 42. Ra8 Bxa2 43. Rxa3 Bxd5 44. exd5 e4 45. Ra4 Rd2 46. Rxe4 Rxd5 47. Rg4 h5 48. Rg3 Rd2 49. Kh2 Re2 50. Rf3 Kg6 51. Kg3 Kg5 52. h4+ Kg6 53. Kh3 f5 54. Rg3+ Kf6 55. Kh2 Ke5 56. Rg5 Rxe3 57. Rxh5 1-0


[Site "https://www.chess.com"]

[Event "Titled Tuesday Blitz May 25 2021"]
[White "Erdogdu, Mert"]
[Black "Bok, Benjamin"]
[WhiteFideId "6301495"]
[BlackFideId "1017063"]
[WhiteElo "2485"]
[BlackElo "2674"]
[Result "1-0"]
[Round "03"]
[TimeControl "180+1"]
[Date "2021.05.25"]
[WhiteClock "0:00:10"]
[BlackClock "0:00:01"]

1. e4 c5 2. Nf3 d6 3. d4 cxd4 4. Nxd4 Nf6 5. Nc3 a6 6. Be3 e5 7. Nb3 Be6 8. f3 Be7 9. Qd2 O-O 10. O-O-O Nbd7 11. g4 b5 12. Rg1 Nb6 13. g5 Nh5 14. Qf2 Rb8 15. Nc5 b4 16. N3a4 Nxa4 17. Nxa4 Nf4 18. h4 Qc7 19. Kb1 Bd8 20. b3 Qc6 21. Qd2 Bc7 22. Bxf4 exf4 23. Qxf4 d5 24. e5 d4 25. Bd3 Rfe8 26. Rde1 Bd5 27. Rg3 Re7 28. Qxd4 Bxf3 29. Qf2 Bh5 30. Rge3 a5 31. Bc4 Rbe8 32. e6 1-0


[Site "https://www.chess.com"]

[Event "Titled Tuesday Blitz May 25 2021"]
[White "Erigaisi Arjun"]
[Black "Matinian, Nikita"]
[WhiteFideId "35009192"]
[BlackFideId "24129100"]
[WhiteElo "2609"]
[BlackElo "2410"]
[Result "1/2-1/2"]
[Round "03"]
[TimeControl "180+1"]
[Date "2021.05.25"]
[WhiteClock "0:00:07"]
[BlackClock "0:00:10"]

1. c4 e5 2. Nc3 Nc6 3. Nf3 g6 4. g3 Bg7 5. Bg2 f5 6. O-O Nf6 7. d3 h6 8. b4 d6 9. b5 Ne7 10. Qb3 Be6 11. a4 O-O 12. Ba3 b6 13. a5 g5 14. Nd2 Rb8 15. axb6 axb6 16. Nd5 Nexd5 17. cxd5 Bf7 18. Rfc1 Re8 19. Bb2 Nd7 20. e3 Nc5 21. Qc3 Qd7 22. Qc4 Re7 23. Ra7 Rc8 24. e4 f4 25. f3 g4 26. gxf4 gxf3 27. Nxf3 exf4 28. Bxg7 Kxg7 29. Kh1 Kh7 30. Rg1 Rg8 31. Nd4 Bh5 32. Raa1 Qg4 33. Raf1 Reg7 34. h3 Qxg2+ 35. Rxg2 Rxg2 36. Ne6 R2g3 37. Nxf4 Bf3+ 38. Kh2 Rg2+ 39. Nxg2 Rxg2+ 40. Kh1 Rf2+ 41. Kg1 Rg2+ 42. Kh1 Rf2+ 43. Kg1 Rg2+ 44. Kh1 1/2-1/2


[Site "https://www.chess.com"]

[Event "Titled Tuesday Blitz May 25 2021"]
[White "Eynullayev, Atilla"]
[Black "Ghimpu, Samuel-Timotei"]
[WhiteFideId "13413570"]
[BlackFideId "1238175"]
[WhiteElo "1997"]
[BlackElo "2026"]
[Result "0-1"]
[Round "03"]
[TimeControl "180+1"]
[Date "2021.05.25"]
[WhiteClock "0:00:03"]
[BlackClock "0:00:05"]

1. e4 e6 2. d4 d5 3. e5 c5 4. c3 Nc6 5. Nf3 Qb6 6. a3 c4 7. Nbd2 Na5 8. Be2 Bd7 9. Qc2 Ne7 10. Ng5 h6 11. Nh7 O-O-O 12. Nxf8 Rdxf8 13. Rb1 Qc7 14. Nf3 f6 15. O-O Nb3 16. Be3 Rhg8 17. Nd2 Be8 18. Nxb3 Bg6 19. Qd2 Bxb1 20. Rxb1 cxb3 21. c4 Kb8 22. Rc1 Rc8 23. exf6 gxf6 24. Bxh6 Nf5 25. Bf4 e5 26. dxe5 fxe5 27. Qxd5 Rce8 28. Bf1 exf4 29. Qxf5 Ref8 30. Qe4 Rg5 31. Rc3 Qg7 32. Rxb3 Qc7 33. Rc3 Re5 34. Qf3 Re1 35. c5 Rd8 36. Rd3 Rxd3 37. Qxd3 Qxc5 38. Qd8+ Qc8 39. Qd6+ Ka8 40. Qxf4 a6 41. Qd2 Rb1 42. Qe2 Qc1 43. Qe8+ Ka7 44. Qe3+ Qxe3 45. fxe3 Rxb2 46. h4 Kb6 47. h5 Kc7 48. h6 Rb6 49. h7 Rh6 50. Bd3 Kd6 51. Kf2 b5 52. Kf3 Ke5 53. g4 a5 54. g5 Rh1 55. g6 Kf6 56. Bxb5 Kxg6 57. Bd3+ Kf6 58. Ke2 Kg7 59. Kd2 Ra1 60. Kc3 Rxa3+ 61. Kc4 Ra1 62. Bc2 Rc1 63. Kb3 Re1 64. Ka4 Ra1+ 65. Kb3 Re1 66. Ka4 Re2 67. Bf5 Ra2+ 68. Kb3 Ra1 69. Bc2 a4+ 70. Kb2 Re1 71. Bxa4 Kxh7 72. Bc2+ Kg7 73. e4 Kf6 74. Kc3 Ke5 75. Kd3 Rh1 76. Bb3 Rh2 77. Kc4 Kxe4 78. Ba4 Ke5 79. Bc6 Rf2 80. Be8 Rc2+ 81. Kb3 Rc8 82. Bh5 Kd4 83. Kb2 Rh8 84. Bg6 Rh2+ 85. Bc2 Kc4 86. Kb1 Kc3 87. Bf5 Rh1+ 88. Ka2 Rf1 89. Be6 Rf6 90. Bg4 Kc2 91. Ka3 Rf4 92. Bd7 Kc3 93. Ba4 Rf1 94. Ka2 Rf8 95. Bd7 Ra8+ 96. Kb1 Ra7 97. Be6 Rg7 98. Ka2 Rg2+ 99. Ka3 Rg6 100. Bb3 Ra6+ 101. Ba4 Ra5 102. Ka2 Rxa4+ 103. Kb1 0-1


[Site "https://www.chess.com"]

[Event "Titled Tuesday Blitz May 25 2021"]
[White "Fernandez, Daniel Howard"]
[Black "Garcia Ramos, Daniel"]
[WhiteFideId "5801605"]
[BlackFideId "32010311"]
[WhiteElo "2777"]
[BlackElo "2578"]
[Result "0-1"]
[Round "03"]
[TimeControl "180+1"]
[Date "2021.05.25"]
[WhiteClock "0:00:16"]
[BlackClock "0:00:08"]

1. e4 c6 2. d4 d5 3. exd5 cxd5 4. Bd3 Nc6 5. c3 Nf6 6. Bf4 g6 7. Nf3 Bg7 8. O-O O-O 9. Nbd2 Bf5 10. Bxf5 gxf5 11. Ne5 e6 12. Re1 Rc8 13. Nxc6 Rxc6 14. Be5 Kh8 15. Re3 Rg8 16. Rh3 Ng4 17. Bxg7+ Rxg7 18. Nf3 Qg8 19. Qd2 Nf6 20. g3 Ne4 21. Qh6 Rg6 22. Qe3 f6 23. Nh4 Rg5 24. Ng2 Rb6 25. Rb1 a5 26. f3 Nd6 27. Nf4 Nc4 28. Qe2 e5 29. Nd3 Re6 30. b3 exd4 31. Qf2 Re3 32. bxc4 Rxd3 33. Rxb7 Rg7 34. Rxg7 Qxg7 35. cxd4 dxc4 36. Qe2 Qd7 37. Rh4 Rxd4 38. Kg2 Rd2 0-1


[Site "https://www.chess.com"]

[Event "Titled Tuesday Blitz May 25 2021"]
[White "Gahan, M G"]
[Black "Rasulov, Vugar"]
[WhiteFideId "5027373"]
[BlackFideId "13402390"]
[WhiteElo "2264"]
[BlackElo "2553"]
[Result "1/2-1/2"]
[Round "03"]
[TimeControl "180+1"]
[Date "2021.05.25"]
[WhiteClock "0:00:27"]
[BlackClock "0:00:31"]

1. e4 c5 2. c3 Nf6 3. e5 Nd5 4. d4 cxd4 5. cxd4 d6 6. Nf3 e6 7. a3 Bd7 8. Bd3 Bc6 9. O-O Nd7 10. Qe2 a6 11. Re1 Rc8 12. Bd2 dxe5 13. Nxe5 Nxe5 14. dxe5 Bc5 15. Nc3 Bd4 16. Rac1 Nxc3 17. Bxc3 Qg5 18. Be4 Bxe4 19. Qxe4 Bxc3 20. Qxb7 O-O 21. Rxc3 Rxc3 22. bxc3 Qd2 23. Rb1 Qxc3 24. Qxa6 Qxe5 25. h3 h6 26. a4 Qe4 27. Qb5 Ra8 28. Ra1 Qd4 29. Ra2 Qd1+ 30. Kh2 Qd6+ 31. g3 Rb8 32. Qc4 Qd1 33. a5 Rb1 34. Qc8+ Kh7 35. Qc2+ Qxc2 36. Rxc2 Ra1 37. Rc7 Kg6 38. Ra7 Ra2 39. Kg2 e5 40. a6 f6 41. h4 h5 42. Ra8 Kf5 43. a7 e4 44. Rh8 Rxa7 45. Rxh5+ Ke6 46. Rb5 Ra2 47. Rb3 Kf5 48. Re3 g6 49. Rb3 Rd2 50. Rb5+ Ke6 51. Rb6+ Ke5 52. Rb5+ Rd5 53. Rxd5+ Kxd5 54. g4 Ke5 55. Kg3 f5 56. gxf5 Kxf5 57. f4 e3 58. h5 Ke4 59. hxg6 Kd3 60. g7 e2 61. g8=Q e1=Q+ 62. Kg2 Qe4+ 63. Kg3 Qe3+ 64. Kg2 Qe4+ 65. Kg3 Qe1+ 66. Kg2 Qe2+ 67. Kg3 Qe3+ 68. Kg2 Qxf4 69. Qd5+ Ke3 70. Qb3+ Ke2 71. Qc2+ Qd2 72. Qxd2+ Kxd2 1/2-1/2


[Site "https://www.chess.com"]

[Event "Titled Tuesday Blitz May 25 2021"]
[White "Golubev, Mikhail"]
[Black "Gabrielian, Artur"]
[WhiteFideId "14100983"]
[BlackFideId "4131002"]
[WhiteElo "2374"]
[BlackElo "2539"]
[Result "0-1"]
[Round "03"]
[TimeControl "180+1"]
[Date "2021.05.25"]
[WhiteClock "0:00:05"]
[BlackClock "0:00:19"]

1. e4 e5 2. Nf3 Nc6 3. Bb5 g6 4. c3 Bg7 5. d4 exd4 6. cxd4 a6 7. Bc4 d6 8. O-O Bg4 9. Qb3 Qd7 10. Ng5 O-O-O 11. Nxf7 Na5 12. Qc2 Nxc4 13. Nxd8 Nb6 14. h3 Bxh3 15. gxh3 Bxd4 16. Qd1 c5 17. Qg4 Kxd8 18. Qxd7+ Kxd7 19. Nd2 Nf6 20. Nf3 Nxe4 21. Nxd4 cxd4 22. Rd1 Rf8 23. Rxd4 d5 24. Be3 Ke6 25. Rc1 Nd7 26. Kg2 Ne5 27. f3 Nxf3 28. Rdd1 Nh4+ 29. Kg1 Rf3 30. Ba7 Rg3+ 31. Kh2 Rg2+ 32. Kh1 Ng3# 0-1


[Site "https://www.chess.com"]

[Event "Titled Tuesday Blitz May 25 2021"]
[White "Guliev, Logman"]
[Black "Vaishali, Rameshbabu"]
[WhiteFideId "13400061"]
[BlackFideId "5091756"]
[WhiteElo "2128"]
[BlackElo "2313"]
[Result "0-1"]
[Round "03"]
[TimeControl "180+1"]
[Date "2021.05.25"]
[WhiteClock "0:00:09"]
[BlackClock "0:00:14"]

1. e4 c5 2. Nf3 Nf6 3. Nc3 d5 4. exd5 Nxd5 5. Bb5+ Bd7 6. Bxd7+ Qxd7 7. Nxd5 Qxd5 8. O-O Nc6 9. d3 e6 10. Re1 Be7 11. Bf4 O-O 12. Ne5 Bf6 13. Nxc6 Qxc6 14. Rb1 Rfd8 15. Qg4 Rd4 16. Qg3 Qa4 17. c3 Rd5 18. a3 Rad8 19. Rbd1 Qd7 20. Bc7 Rc8 21. Be5 Bxe5 22. Rxe5 Qd6 23. Rxd5 Qxd5 24. h3 Qa2 25. Rd2 Qb1+ 26. Kh2 Qe1 27. Qf4 e5 28. Qg4 Rd8 29. Re2 Qf1 30. Rxe5 Qxf2 31. d4 cxd4 32. cxd4 h6 33. Re2 Qf6 34. Rd2 Qd6+ 35. Qg3 Qd5 36. Qf4 a5 37. Rd3 a4 38. Re3 b6 39. Re7 b5 40. Re5 Qd7 41. d5 f6 42. Rf5 Qd6 43. Qxd6 Rxd6 44. Kg3 Kf7 45. h4 g6 46. Rf4 Rxd5 47. Rb4 h5 48. Kf4 g5+ 49. hxg5 Rxg5 50. Ke4 Rg4+ 51. Kf5 Rxg2 52. Kf4 Rg4+ 53. Kf3 Rxb4 54. axb4 Ke6 55. Kf4 Kd5 56. Kg3 Kc4 57. Kh4 Kxb4 58. Kxh5 Kb3 59. Kg6 Kxb2 60. Kxf6 a3 61. Ke5 a2 0-1


[Site "https://www.chess.com"]